 Dungeon Crawl Stone Soup version 0.14-a0-1739-g6c2808e (webtiles) character file.

7923 Piginabag the Quickloader (level 11, -2/59 HPs)
             Began as a Formicid Hunter on Jan 4, 2014.
             Was an Elder of Okawaru.
             Slain by a statue mimic (4 damage)
             ... on Level 10 of the Dungeon.
             The game lasted 00:58:58 (12658 turns).

Piginabag the Quickloader (Formicid Hunter)        Turns: 12658, Time: 00:59:00

HP  -2/59        AC 19     Str 21      XL: 11   Next: 63%
MP   7/9         EV 11     Int 14      God: Okawaru [****..]
Gold 468         SH 25     Dex 11      Spells:  0 memorised, 10 levels left

rFire  + . .     SeeInvis +     m - +1,-3 whip (elec)
rCold  . . .     Clarity  .     D - +3 dwarf chain mail
rNeg   . . .     Conserve .     i - +0 elf shield
rPois  .         rCorr    .     (helmet unavailable)
rElec  .         rRot     .     k - +1 cloak {rPois}
SustAb . .       Spirit   .     (no gloves)
rMut   .         Warding  .     (no boots)
Saprov . . .     Stasis   +     (no amulet)
                                (no ring)
                                j - +2 ring of evasion

@: mildly poisoned, heroism, held, somewhat resistant to hostile enchantments,
very unstealthy
A: permanent stasis, dig shafts and tunnels, four strong arms, poison weakness,
antennae 3, clever 2, deterioration 1, fire resistance 1, herbivore 2, frail 1,
low mp 1, slow metabolism 1, spit poison 1, exoskeleton 1
a: Dig, Shaft Self, Spit Poison, Heroism, Renounce Religion


You were on level 10 of the Dungeon.
You worshipped Okawaru.
Okawaru was greatly pleased with you.
You were not hungry.

You visited 2 branches of the dungeon, and saw 11 of its levels.

You collected 468 gold pieces.

Inventory:

Hand weapons
 b - a +2,+2 crossbow
 m - a +1,-3 whip of electrocution (weapon)
 x - a +2 blowgun
Missiles
 r - 4 curare-tipped needles
 z - a bolt of flame
 I - 5 poisoned needles
Armour
 a - a +0 cloak
 i - a +0 elven shield (worn)
 k - a +1 cloak of poison resistance (worn)
 y - a +1 ring mail
 D - a +3 dwarven chain mail (worn)
Magical devices
 h - a wand of slowing (12) {unknown}
 B - a wand of frost (14)
 C - a wand of invisibility (4)
Comestibles
 o - a slice of pizza
 p - 6 meat rations
 q - 12 cheeses
 t - a bread ration
 u - 3 chokos
 w - 3 apples
 G - 14 sultanas
 K - a pear
Scrolls
 c - 2 scrolls of curse weapon {unknown}
 d - 2 scrolls of remove curse
 e - 3 scrolls of identify
 f - a scroll of random uselessness {unknown}
 n - a scroll of recharging
 s - 2 scrolls of enchant weapon I
 v - 2 scrolls of enchant armour
 E - a scroll of fear
 J - a scroll of amnesia
Jewellery
 j - a +2 ring of evasion (left hand)
Potions
 g - a potion of restore abilities {unknown}
 l - 2 potions of brilliance
Books
 H - a book of Spatial Translocations

   Spells                             Type                      Level
   Apportation                        Translocation                1
   Portal Projectile                  Translocation                2
   Blink                              Translocation                2
   Shroud of Golubria                 Charms/Translocation         2
   Teleport Other                     Translocation                3
   Passage of Golubria                Translocation                4


   Skills:
 + Level 3.1(8.1) Fighting
   Level 0.2(5.2) Short Blades
 + Level 3.8(8.8) Maces & Flails
 + Level 9.9(14.9) Crossbows
 - Level 0.2(5.2) Throwing
 + Level 7.4(12.4) Armour
 + Level 8.0(13.0) Dodging
 + Level 4.1(9.1) Stealth
 + Level 7.2(12.2) Shields
 + Level 0.5 Invocations


You had 10 spell levels left.
You didn't know any spells.

Dungeon Overview and Level Annotations

Branches:
Dungeon (10/16)            Temple (1/1) D:5            Lair (0/8) D:8
    Orc: D:9-12

Altars:
Ashenzari
Cheibriados
Elyvilon
Fedhas
Kikubaaqudgha
Makhleb
Nemelex Xobeh
Okawaru
Sif Muna
Trog
Vehumet
Xom
Yredelemnul
Zin
the Shining One

Shops:
D:9 }


Innate Abilities, Weirdness & Mutations

Your are under a permanent stasis effect.
You can dig through walls and to a lower floor.
Your four strong arms can wield any weapon, most with a shield.
You are susceptible to poison.
You have a pair of large antennae on your head (SInv).
Your body is surrounded by an exoskeleton. (HP +5, AC +1)
Your mind is very acute. (Int +4)
Your body is slowly deteriorating.
Your flesh is heat resistant.
You digest meat very inefficiently.
You are frail (-10% HP).
Your magical capacity is low (-10% MP).
You have a slow metabolism.
You can spit poison.


Message History

The statue mimic is heavily damaged.
The statue mimic hits you but does no damage.
You block the statue mimic's attack.
Your chain mail prevents you from hitting the statue mimic.
The statue mimic is heavily damaged.
The statue mimic hits you.
* * * LOW HITPOINT WARNING * * *
The statue mimic barely misses you.
You hit the statue mimic but do no damage.
The statue mimic is heavily damaged.
You hit the statue mimic.
The statue mimic is heavily damaged.
The statue mimic hits you but does no damage.
You hit the statue mimic.
The statue mimic is severely damaged.
* * * LOW HITPOINT WARNING * * *
You feel sick. The statue mimic hits you.
* * * LOW HITPOINT WARNING * * *
The statue mimic hits you.
You die...

.##.#.##.;≈.#8g#..#
##.###.#.≈≈.#[{...# .
..####...≈≈$B.+...####...
#####.##.≈≈.+..#.........
.#.#.## .≈≈.# #.........
.#.#.# .≈{.# #.........
.##.## .≈≈.# #.........
.#.#####.≈≈.# #8).......
##.###8#.≈≈.# #@........
.##.##.#.≈≈. #..#######
.###..### #..#
.####.##########..#
..................#
###...............#
#........######.#
#........# .# #...>....#
.#


You could see a statue mimic.

Vanquished Creatures
  A hill giant (D:10)
  The ghost of Piginabag the Bolt Thrower, an experienced FoHu of Okawaru (D:6)
  Maurice (D:8)
  An octopode (D:10)
  A troll (D:9)
  A shark (D:10)
  A wraith (D:10)
  Eustachio (D:7)
  A wandering mushroom (D:8)
  2 humans (D:9)
  A manticore (D:8)
  Edmund (D:8)
  2 necrophages (D:8)
  An orc warrior (D:6)
  7 ice beasts
  6 ogres
  4 sky beasts
  2 centaurs
  2 giant frogs
  4 phantoms
  Blork the orc (D:9)
  3 killer bees (D:9)
  A troll zombie (D:8)
  3 wights (D:9)
  A quasit (D:8)
  A troll skeleton (D:9)
  4 crimson imps
  3 goliath beetles
  A big fish (D:10)
  9 hounds
  3 orc priests (D:4)
  3 iguanas
  3 jellies
  9 orc wizards
  A giant frog skeleton (D:9)
  2 gnoll shamans
  2 scorpions
  4 worker ants
  An orange rat (D:8)
  11 gnolls
  27 adders
  3 green rats (D:8)
  A giant mite (D:5)
  An inept feature mimic (D:5)
  4 worms
  2 adder skeletons
  4 grey rats (D:8)
  A giant eyeball (D:8)
  2 oozes
  23 orcs
  10 ball pythons
  15 bats
  A bat skeleton (D:8)
  9 goblins
  13 hobgoblins
  13 jackals
  10 kobolds
  3 quokkas
  7 giant cockroaches
  7 giant geckos
  3 giant newts
  A goblin zombie (D:5)
  A hobgoblin skeleton (D:5)
  A jackal skeleton (D:7)
  An orc zombie (D:10)
  27 rats
  A rat zombie (D:7)
298 creatures vanquished.

Vanquished Creatures (collateral kills)
  A rat (D:8)
1 creature vanquished.

Vanquished Creatures (others)
  A quokka (D:9)
1 creature vanquished.

Grand Total: 300 creatures vanquished

Notes
Turn   | Place    | Note
--------------------------------------------------------------
     0 | D:1      | Piginabag, the Formicid Hunter, began the quest for the Orb.
     0 | D:1      | Reached XP level 1. HP: 17/17 MP: 1/1
   135 | D:1      | Reached XP level 2. HP: 7/21 MP: 2/2
   897 | D:2      | Reached XP level 3. HP: 20/25 MP: 3/3
  1163 | D:2      | Reached skill level 1 in Armour
  1212 | D:2      | Found a shattered altar of Ashenzari.
  1242 | D:2      | Reached XP level 4. HP: 26/30 MP: 4/4
  1301 | D:2      | Found a bloodstained altar of Trog.
  1742 | D:2      | Reached XP level 5. HP: 3/34 MP: 5/5
  1970 | D:2      | Found a shattered altar of Ashenzari.
  2728 | D:3      | Found a glowing golden altar of the Shining One.
  2729 | D:3      | Found a sparkling altar of Nemelex Xobeh.
  3168 | D:3      | Reached skill level 1 in Shields
  3188 | D:4      | Noticed an ogre
  3191 | D:4      | Reached skill level 5 in Crossbows
  3214 | D:4      | Reached XP level 6. HP: 24/39 MP: 6/6
  3401 | D:4      | Noticed a phantom
  3503 | D:3      | HP: 1/39 [poisoned by an adder]
  4299 | D:3      | Reached XP level 7. HP: 31/43 MP: 7/7
  4565 | D:4      | Killed a phantom
  4565 | D:4      | Reached skill level 1 in Maces & Flails
  4712 | D:4      | You fall through a shaft for 2 floors!
  4779 | D:6      | Noticed Piginabag's ghost (experienced FoHu)
  4789 | D:6      | Reached XP level 8. HP: 35/48 MP: 8/8
  4794 | D:6      | Killed Piginabag's ghost
  4794 | D:6      | Reached skill level 6 in Crossbows
  5027 | D:6      | Found a radiant altar of Vehumet.
  5263 | D:5      | Entered Level 5 of the Dungeon
  5298 | D:5      | Reached skill level 5 in Dodging
  5332 | D:5      | Got a heavily runed ring mail
  5443 | D:5      | Identified the +3 ring mail of Fedhas' Benevolence {+Rage Acc-2} (You found it on level 5 of the Dungeon)
  5519 | D:5      | Reached XP level 9. HP: 50/53 MP: 9/9
  5533 | D:5      | Found a staircase to the Ecumenical Temple.
  5546 | Temple   | Entered the Ecumenical Temple
  5552 | Temple   | Became a worshipper of Warmaster Okawaru
  5596 | D:5      | Gained mutation: You digest meat inefficiently. [potion of mutation]
  5596 | D:5      | Gained mutation: Armour fits poorly on your strangely shaped body. [potion of mutation]
  5596 | D:5      | Gained mutation: You can spit poison. [potion of mutation]
  5602 | D:5      | Gained mutation: Your mind is acute. (Int +2) [potion of mutation]
  5602 | D:5      | Gained mutation: Your mind is very acute. (Int +4) [potion of mutation]
  5602 | D:5      | Gained mutation: You digest meat very inefficiently. [potion of mutation]
  5665 | D:5      | Found a burning altar of Makhleb.
  5667 | D:5      | Found a glowing silver altar of Zin.
  5667 | D:5      | Noticed an Executioner
  5667 | D:5      | Noticed an angel
  5728 | D:5      | Reached skill level 7 in Crossbows
  6671 | D:5      | HP: 1/53 [centaur (8)]
  7165 | D:4      | Reached skill level 5 in Armour
  7198 | D:4      | Killed an ogre
  7669 | D:7      | Acquired Okawaru's first power
  7952 | D:7      | Reached XP level 10. HP: 59/59 MP: 10/10
  7962 | D:7      | Gained mutation: You are frail (-10% HP). [mutagenic meat]
  7963 | D:7      | Gained mutation: Your flesh is heat resistant. [mutagenic meat]
  7964 | D:7      | Gained mutation: You have a slow metabolism. [mutagenic meat]
  8136 | D:7      | Noticed Eustachio
  8143 | D:7      | Killed Eustachio
  8143 | D:7      | Reached skill level 8 in Crossbows
  8554 | D:8      | Noticed Edmund
  8567 | D:8      | Killed Edmund
  8759 | D:8      | Reached skill level 9 in Crossbows
  8765 | D:8      | Found a staircase to the Lair.
  8766 | D:8      | Noticed Maurice
  8779 | D:8      | Killed Maurice
  8870 | D:8      | Reached skill level 5 in Shields
  9684 | D:9      | Reached XP level 11. HP: 58/58 MP: 11/11
  9739 | D:9      | Found a white marble altar of Elyvilon.
  9823 | D:9      | Noticed Blork the orc
  9855 | D:9      | Killed Blork the orc
 10841 | D:9      | Found Wifuorr's Gadget Emporium.
 11162 | D:10     | Entered Level 10 of the Dungeon
 11387 | D:10     | Noticed a hill giant
 11394 | D:10     | Killed a hill giant
 12622 | D:10     | Gained mutation: Your magical capacity is low (-10% MP). [potion of mutation]
 12622 | D:10     | Gained mutation: Your body is slowly deteriorating. [potion of mutation]
 12622 | D:10     | Lost mutation: Armour fits poorly on your strangely shaped body. [potion of mutation]
 12658 | D:10     | HP: 2/59 [statue mimic (5)]
 12658 | D:10     | Slain by a statue mimic

Action                   |  1- 3 |  4- 6 |  7- 9 | 10-12 || total
-------------------------+-------+-------+-------+-------++-------
Melee: Short sword       |    41 |       |       |       ||    41
       Mace              |    33 |    47 |       |       ||    80
       Whip              |       |    81 |   239 |   528 ||   848
 Fire: Crossbow          |     6 |    80 |   122 |    76 ||   284
Throw: Large rock        |       |       |    19 |    80 ||    99
Invok: Heroism           |       |       |       |     2 ||     2
 Abil: Dig               |       |     1 |     1 |     7 ||     9
       Shaft Self        |       |       |     1 |       ||     1
       Spit Poison       |       |       |       |     1 ||     1
Evoke: Wand              |       |       |       |     2 ||     2
  Use: Potion            |       |     7 |     7 |     7 ||    21
       Scroll            |       |     7 |     1 |     9 ||    17
 Stab: Sleeping          |     1 |     1 |     1 |     3 ||     6
